 Dungeon Crawl Stone Soup version 0.28.0-53-g5a82cb258f (webtiles) character file.

Game seed: 793656932990918430

1687 gobodom the Chopper (level 8, 0/54 HPs)
             Began as a Demonspawn Gladiator on June 7, 2022.
             Was an Elder of Hepliaklqana.
             Slain by a vampire (11 damage)
             ... on level 6 of the Dungeon.
             The game lasted 00:36:25 (5595 turns).

gobodom the Chopper (Demonspawn Gladiator)          Turns: 5595, Time: 00:36:26

Health: 0/54       AC:  8    Str: 17    XL:     8   Next: 71%
Magic:  8/8        EV: 13    Int: 12    God:    Hepliaklqana [****..]
Gold:   107        SH:  5    Dex: 12    Spells: 7/7 levels left

rFire   . . .      SeeInvis .   l - +2 spear (freeze)
rCold   . . .      Faith    .   (no shield)
rNeg    . . .      Spirit   .   b - +1 leather armour
rPois   .          Reflect  +   (helmet restricted)
rElec   .          Harm     .   (no cloak)
rCorr   +          Rampage  .   h - +1 pair of gloves
Will    .....                   (no boots)
Stlth   ++........              g - amulet of reflection
HPRegen 0.18/turn               n - ring of resist corrosion
MPRegen 0.11/turn               (no ring)

@: no status effects
A: reduced essence, horns 1, slimy green scales 1, powered by pain 1, clever 1,
clumsy 1
a: Renounce Religion, Recall Ancestor, Ancestor Identity, Transference, Idealise


You were on level 6 of the Dungeon.
You worshipped Hepliaklqana.
Hepliaklqana was greatly pleased with you.
You visited 2 branches of the dungeon, and saw 7 of its levels.
You also visited: Sewer.

You collected 256 gold pieces.
You spent 149 gold pieces at shops.

Inventory:

Hand Weapons
 a - a +1 war axe
 j - a +0 hunting sling
 l - a +2 spear of freezing (weapon)
Missiles
 d - a throwing net (quivered)
 e - 313 stones
 i - 91 arrows
 k - 21 bolts
 m - 32 sling bullets
Armour
 b - a +1 leather armour (worn)
 h - a +1 pair of gloves (worn)
 o - a +0 helmet of see invisible
Magical Staves
 c - a staff of poison
Jewellery
 g - an amulet of reflection (around neck)
 n - a ring of resist corrosion (left hand)
Wands
 f - a wand of paralysis (5)
 p - a wand of digging (5)
Scrolls
 r - a scroll of identify
 s - 2 scrolls of amnesia
Potions
 q - 2 potions of berserk rage


   Skills:
 + Level 4.5 Fighting
 + Level 7.0 Axes
 + Level 0.6(4.4) Polearms
 + Level 2.6 Throwing
 + Level 3.2 Armour
 + Level 4.2 Dodging
 + Level 3.1 Stealth
 + Level 2.5 Shields


You had 7 spell levels left.
You didn't know any spells.
Your spell library contained the following spells:

 Spells                   Type           Power      Damage    Failure   Level
 Freeze                   Ice            0%         1d3       36%         1
 Magic Dart               Conj           0%         1d3       36%         1
 Searing Ray              Conj           0%         2d4       52%         2
 Frozen Ramparts          Ice            0%         1d2       75%         3
 Fulminant Prism          Conj/Hex       0%         3d6       98%         4
 Hailstorm                Conj/Ice       0%         3d3       98%         4
 Borgnjor's Revivificati  Necr           0%         N/A       100%        8
 Necromutation            Tmut/Necr      0%         N/A       100%        8
 Death's Door             Necr           0%         N/A       100%        9


Dungeon Overview and Level Annotations

Branches:
Dungeon (6/15)             Temple (1/1) D:6           Sewer (visited)

Altars:
Ashenzari
Cheibriados
Dithmenos
Elyvilon
Fedhas
Gozag
Hepliaklqana
Kikubaaqudgha
Makhleb
Okawaru
Qazlal
Trog
Uskayaw
Vehumet
Xom
Yredelemnul
The Shining One

Shops:
D:3 [   D:4 *

Annotations:
D:6 2 runed translucent doors


Innate Abilities, Weirdness & Mutations

Your life essence is reduced to manifest your ancestor. (-10% HP)
You have a pair of small horns on your head.
You are partially covered in slimy green scales. (AC +2)
You sometimes gain a little power by taking damage.
Your mind is acute. (Int +2)
You are clumsy. (Dex -2)


Message History

You hit the adder.
The adder seems to slow down.
You freeze the adder.
You kill the adder!
You feel sick. The iguana barely misses you.
You feel sick. The shadow imp closely misses you. The iguana barely misses you.
You completely miss the shadow imp. You headbutt the shadow imp.
The shadow imp is lightly wounded.
You feel sick. The shadow imp hits you.
The iguana bites you but does no damage.
Ur-Dumizida hits the iguana with a +0 quarterstaff!
You hit the shadow imp. You headbutt the shadow imp.
The shadow imp is heavily wounded.
You feel sick. You block the shadow imp's attack.
The iguana bites Ur-Dumizida.
Ur-Dumizida hits the iguana with a +0 quarterstaff!!
The iguana dies!
You hit the shadow imp but do no damage.
You headbutt the shadow imp.
The shadow imp is almost dead.
You feel sick. The shadow imp gestures at you. Pain shoots through your body!
Okay, then.
You hit the shadow imp.
You kill the shadow imp!
You feel sick.
Ur-Dumizida casts a spell at the vampire.
The stone arrow hits the vampire!
The vampire casts a spell.
The vampire flickers and vanishes!
Deactivating autopickup; reactivate with Ctrl-A.
You miss something.
You feel sick.
You are no longer poisoned.
Ur-Dumizida barely misses something.
Something hits you.
* * * LOW HITPOINT WARNING * * *
Something bites you.
* * * LOW HITPOINT WARNING * * *
Something draws strength from your injuries!
You swap places.
Ur-Dumizida casts a spell next to you.
The stone arrow hits something.
Something hits you!
You die...

.8.....8....## #.####.#######.#
..........#.####..............#
...8.8......#.................#
.........####.........#######.#
......................... ..#
.......................... #.#
........#..######...#.#### #.#
..........##....##..#.# #.#
#....##.#.#†####@#..#.# #.#
#.........##.#.{R#....
#..##++##.'.##.#.# #. #.##89.
#####.##.# ..#8... #:. =##
.#}.H. ## # ..#/... ..#8...
..##8..


You could see the friendly Ur-Dumizida the battlemage.

Vanquished Creatures
  A black bear (D:6)
  2 scorpions (D:4)
  A water moccasin skeleton (D:5)
  A jelly (D:5)
  A centaur skeleton (D:6)
  2 hound skeletons
  Robin (D:3)
  2 gnolls
  A river rat (D:4)
  An adder (D:6)
  2 shadow imps (D:6)
  An ufetubus (D:5)
  2 worms (D:2)
  A dart slug (D:2)
  2 orcs (D:5)
  2 bats (D:1)
  2 endoplasms
  A giant cockroach (D:1)
  8 goblins
  10 hobgoblins
  5 jackals
  2 quokkas
  5 ball pythons
  3 frilled lizards
  3 kobolds
  3 rats
65 creatures vanquished.

Vanquished Creatures (collateral kills)
  Sigmund (D:4)
  Eustachio (D:4)
  A water moccasin (D:5)
  A necrophage (D:5)
  An ice beast (D:6)
  The ghost of Valamore the Vexing, an amateur GnAM (D:4)
  A phantom (D:5)
  A scorpion (D:5)
  A water moccasin skeleton (D:5)
  2 centaur skeletons (D:5)
  2 bullfrog skeletons (D:5)
  A gnoll shaman (D:5)
  4 iguanas
  A statue (D:4)
  A howler monkey zombie (D:5)
  4 gnolls
  3 adders
  A river rat (D:4)
  2 worms
  2 dart slugs (D:5)
  An endoplasm (D:3)
  A goblin (D:3)
  4 hobgoblins
  3 jackals
  A frilled lizard (D:3)
  A kobold (D:3)
  2 rats (D:4)
45 creatures vanquished.

Vanquished Creatures (others)
  A battlemage (D:5)
  An ancestor (D:2)
2 creatures vanquished.

Grand Total: 112 creatures vanquished

Notes
Turn   | Place    | Note
-------+----------+-------------------------------------------
     0 | D:1      | gobodom the Demonspawn Gladiator began the quest for the
                  | Orb.
     0 | D:1      | Reached XP level 1. HP: 16/16 MP: 1/1
   211 | D:1      | Found a faded altar of an unknown god.
   218 | D:1      | Prayed at the altar of an unknown god.
   218 | D:1      | Became a worshipper of Hepliaklqana the Forgotten
   218 | D:1      | Reached * piety under Hepliaklqana
   263 | D:1      | Reached skill level 3 in Axes
   269 | D:1      | Gained mutation: You are partially covered in slimy green
                  | scales. (AC +2) [demonic ancestry]
   269 | D:1      | Reached XP level 2. HP: 19/19 MP: 2/2
   665 | D:1      | Found an opulent altar of Gozag.
   976 | D:2      | Reached XP level 3. HP: 25/25 MP: 3/3
  1093 | D:2      | Reached ** piety under Hepliaklqana
  2013 | D:3      | Gained mutation: You have sharp toenails. [potion of
                  | mutation]
  2013 | D:3      | Gained mutation: Your muscles are strong. (Str +2) [potion
                  | of mutation]
  2013 | D:3      | Gained mutation: You are agile. (Dex +2) [potion of
                  | mutation]
  2014 | D:3      | Remembered your ancestor Ur-Dumizida as a battlemage
  2015 | D:3      | Lost mutation: You have sharp toenails. [potion of
                  | mutation]
  2015 | D:3      | Lost mutation: You are agile. (Dex +2) [potion of mutation]
  2015 | D:3      | Lost mutation: Your muscles are strong. (Str +2) [potion of
                  | mutation]
  2015 | D:3      | Gained mutation: You are clumsy. (Dex -2) [potion of
                  | mutation]
  2015 | D:3      | Gained mutation: Your mind is acute. (Int +2) [potion of
                  | mutation]
  2089 | D:3      | Reached XP level 4. HP: 30/30 MP: 4/4
  2183 | D:3      | Found Caupreur's Armour Boutique.
  2632 | D:3      | Noticed Robin
  2640 | D:3      | Killed Robin
  2641 | D:3      | Reached skill level 1 in Armour
  2706 | D:3      | Bought a +0 helmet of see invisible for 149 gold pieces
  2710 | D:4      | Noticed Eustachio
  2720 | D:4      | Killed Eustachio
  2721 | D:4      | Reached skill level 4 in Axes
  2721 | D:4      | Reached skill level 1 in Stealth
  2721 | D:4      | Gained mutation: You sometimes gain a little power by
                  | taking damage. [demonic ancestry]
  2721 | D:4      | Reached XP level 5. HP: 35/36 MP: 5/5
  2787 | D:4      | Reached XP level 6. HP: 35/42 MP: 6/6
  2897 | D:4      | Noticed Sigmund
  2905 | D:4      | Killed Sigmund
  2906 | D:4      | Reached skill level 5 in Axes
  2906 | D:4      | Reached skill level 1 in Shields
  2928 | D:4      | Found a runed translucent door.
  2929 | D:4      | Noticed Valamore's ghost (amateur GnAM)
  2932 | D:4      | Reached *** piety under Hepliaklqana
  2942 | D:4      | Killed Valamore's ghost
  2943 | D:4      | Reached XP level 7. HP: 45/46 MP: 7/7
  2947 | D:4      | Found a runed translucent door.
  2982 | D:4      | Found a hazy altar of Hepliaklqana.
  3076 | D:4      | Found a glowing drain.
  3087 | D:4      | Found Qaoby's Mayhem Merchandise.
  3107 | Sewer    | Entered a sewer
  3360 | D:4      | Found a radiant altar of Vehumet.
  3898 | D:5      | Entered Level 5 of the Dungeon
  4005 | D:5      | Reached skill level 6 in Axes
  4373 | D:5      | Gained mutation: You have a pair of small horns on your
                  | head. [demonic ancestry]
  4373 | D:5      | Reached XP level 8. HP: 29/54 MP: 8/8
  4429 | D:5      | Reached **** piety under Hepliaklqana
  5216 | D:6      | Found a hide-covered altar of Uskayaw.
  5337 | D:6      | Found a staircase to the Ecumenical Temple.
  5349 | Temple   | Entered the Ecumenical Temple
  5551 | D:6      | Found a large runed translucent door.
  5553 | D:6      | Found a large runed translucent door.
  5557 | D:6      | Noticed a gargoyle
  5558 | D:6      | Noticed a manticore
  5574 | D:6      | Reached skill level 7 in Axes
  5595 | D:6      | Slain by a vampire

Illustrated notes

Levels and vault maps discovered:
D:1:      dpeg_arrival_water_altar, layout_basic,
          dilly_ecumenical_altar_fadedgnrine
D:2:      layout_loops_ring, nrook_loot_triangle
D:3:      layout_basic, serial_shops, nicolae_shop_hallway_stairs, uniq_robin
D:4:      layout_layer_cave, vehumet_statue,
          mainiacjoe_overflow_surrounded_room, cheibrodos_sewer_entry_bend,
          ebering_ghost_sewer_f, minmay_shop_mayhem, minmay_misc_feat_pillars,
          uniq_eustachio, uniq_sigmund
D:5:      minmay_chambers_of_threes, layout_cave_pods, lemuel_doored_altar,
          serial_park_tiny_1
D:6:      lemuel_slime, layout_basic, nicolae_wu_jian_immortal_techniques,
          nicolae_uskayaw_dance_hall, zin_statuary, temple_hall,
          minmay_hollow_rounded_squares
Temple:   dshaligram_water_room_temple

Skill      XL: |  1  2  3  4  5  6  7  8 |
---------------+-------------------------+-----
Axes           | 3 4 5 6 7 |  7.0
Dodging        | 3 4 |  4.2
Armour         | 1 2 3 |  3.2
Fighting       | 3 4 |  4.5
Throwing       | 2 |  2.6
Stealth        | 1 2 3 |  3.1
Shields        | 1 2 |  2.5
Polearms       | |  0.6

Action                   |  1- 3 |  4- 6 |  7- 9 || total
-------------------------+-------+-------+-------++-------
Melee: War axe           |    85 |    38 |    63 ||   186
       Punch             |     1 |       |     1 ||     2
       Spear             |       |       |    28 ||    28
       Headbutt          |       |       |    14 ||    14
Throw: Stone             |     4 |       |    30 ||    34
       Throwing net      |     3 |       |       ||     3
Invok: Ancestor Life: Ba |     1 |       |       ||     1
       Ancestor Identity |     1 |       |       ||     1
  Use: Scroll            |     3 |       |     6 ||     9
       Potion            |     3 |       |     4 ||     7
 Stab: Distracted        |     2 |     1 |     2 ||     5
       Sleeping          |       |       |     1 ||     1
Armor: Leather armour    |    31 |    10 |    38 ||    79
Dodge: Dodged            |    42 |    28 |    52 ||   122
Block: Other             |    15 |     9 |    29 ||    53
